 Dungeon Crawl Stone Soup version 0.18.1-48-g4cf74bf (webtiles) character file.

490 PossumBlood the Fighter (level 6, -10/61 HPs)
             Began as a Minotaur Fighter on Aug 18, 2016.
             Was an Initiate of Okawaru.
             Mangled by an ogre
             ... wielding a cursed -3 giant spiked club
              (26 damage)
             ... on level 4 of the Dungeon.
             The game lasted 00:06:11 (2816 turns).

PossumBlood the Fighter (Minotaur Fighter)          Turns: 2816, Time: 00:06:12

Health: -10/61     AC:  9    Str: 22    XL:     6   Next: 90%
Magic:  5/5        EV:  7    Int:  5    God:    Okawaru [......]
Gold:   146        SH:  9    Dex: 10    Spells: 0 memorised, 5 levels left

rFire  + . .     SeeInvis .     a - +1 war axe
rCold  . . .     Gourm    .     g - +1 scale mail {rF+}
rNeg   . . .     Faith    .     c - +0 shield
rPois  .         Spirit   .     (helmet restricted)
rElec  .         Dismiss  .     (no cloak)
rCorr  .         Reflect  .     t - +0 pair of gloves
SustAt .         Harm     .     (no boots)
MR     .....                    (no amulet)
Stlth  ..........               (no ring)
                                (no ring)

@: not resistant to hostile enchantments, extremely unstealthy
A: retaliatory headbutt, horns 2
a: Renounce Religion


You were on level 4 of the Dungeon.
You worshipped Okawaru.
Okawaru was noncommittal.
You were not hungry.

You visited 1 branch of the dungeon, and saw 4 of its levels.
You also visited: Sewer.

You collected 146 gold pieces.

Inventory:

Hand Weapons
 a - a +1 war axe (weapon)
Armour
 c - a +0 shield (worn)
 g - a +1 scale mail of fire resistance (worn)
 t - a +0 pair of gloves (worn)
Scrolls
 e - 2 scrolls of identify
 h - 2 scrolls of random uselessness {unknown}
 k - a scroll of remove curse {unknown}
 l - a scroll of recharging {unknown}
 m - 2 scrolls of magic mapping {unknown}
 p - a scroll of enchant armour
 r - a scroll of teleportation {unknown}
 s - a scroll of enchant weapon
Potions
 d - 2 potions of might
 f - 3 potions of curing
 j - a potion of berserk rage
 u - 5 potions of flight {unknown}
 v - 4 potions of agility {unknown}
 w - a potion of heal wounds {unknown}
 x - a potion of invisibility {unknown}
Comestibles
 b - a beef jerky
 i - a meat ration
 n - a slice of pizza
 o - a bread ration
 q - 8 fruits


   Skills:
 * Level 8.0 Fighting
 + Level 5.5 Axes
 - Level 3.6 Armour
 - Level 3.6 Shields


You had 5 spell levels left.
You didn't know any spells.

Dungeon Overview and Level Annotations

Branches:
Dungeon (4/15)
 Temple: D:4-7

Altars:
Cheibriados
Fedhas
Okawaru


Innate Abilities, Weirdness & Mutations

You reflexively headbutt those who attack you in melee.
You have a pair of horns on your head.


Message History

You are too injured to fight recklessly!
You are too injured to fight recklessly!
You are too injured to fight recklessly!
You are too injured to fight recklessly!
You are too injured to fight recklessly!
You are too injured to fight recklessly!
You are too injured to fight recklessly!
You are too injured to fight recklessly!
You are too injured to fight recklessly!
You are too injured to fight recklessly!
You are too injured to fight recklessly!
You are too injured to fight recklessly!
You are too injured to fight recklessly!
You are too injured to fight recklessly!
You are too injured to fight recklessly!
Your shield and scale mail prevent you from hitting the ogre.
Your headbutt misses the ogre.
The ogre is heavily wounded.
The ogre hits you with a giant spiked club!!
You die...

..## #..#. #... #..# #..#
#.## #..# #
#...########..###...
.........O@.........
.######....#######..#####
.........)..# ##.##
...........# #...#
#...≈≈≈...######...###
#..≈≈≈≈≈.....#.).....#
.#..≈≈÷÷≈..##.#.......#
.#..≈≈≈≈≈.............#####.#
.#...≈≈≈...##.##............#


You could see an ogre.

Vanquished Creatures
  The ghost of oldnick the Ruffian, an amateur TrMo (D:3)
  2 big kobolds (Sewer)
  A hound (D:4)
  Robin (D:2)
  6 river rats
  5 adders
  2 oozes (Sewer)
  A worm (D:2)
  A dart slug (D:2)
  A giant gecko (D:2)
  5 ball pythons
  7 giant cockroaches
  9 goblins (D:2)
  13 hobgoblins
  4 jackals (D:1)
  7 bats
  3 giant newts
  20 kobolds
  32 rats
121 creatures vanquished.

Notes
Turn   | Place    | Note
--------------------------------------------------------------
     0 | D:1      | PossumBlood the Minotaur Fighter began the quest for the Orb.
     0 | D:1      | Reached XP level 1. HP: 19/19 MP: 0/0
   210 | D:1      | Reached XP level 2. HP: 27/27 MP: 1/1
   263 | D:1      | Reached skill level 4 in Fighting
   479 | D:1      | Reached XP level 3. HP: 34/34 MP: 2/2
  1000 | D:2      | Reached skill level 5 in Fighting
  1073 | D:2      | Noticed Robin
  1080 | D:2      | Killed Robin
  1080 | D:2      | Reached XP level 4. HP: 39/42 MP: 3/3
  1510 | D:3      | Noticed oldnick's ghost (amateur TrMo)
  1519 | D:3      | Killed oldnick's ghost
  1519 | D:3      | Reached skill level 6 in Fighting
  1519 | D:3      | Reached XP level 5. HP: 26/50 MP: 4/4
  1521 | D:3      | Found a snail-covered altar of Cheibriados.
  1678 | D:3      | Found a blossoming altar of Fedhas.
  1916 | D:3      | Found an iron altar of Okawaru.
  1923 | D:3      | Became a worshipper of Warmaster Okawaru
  2088 | D:4      | Found a glowing drain.
  2127 | Sewer    | Entered a sewer
  2217 | Sewer    | Reached skill level 7 in Fighting
  2217 | Sewer    | Reached XP level 6. HP: 47/60 MP: 5/5
  2337 | Sewer    | Reached skill level 5 in Axes
  2766 | D:4      | Reached skill level 8 in Fighting
  2816 | D:4      | Mangled by an ogre

Skill      XL: |  1  2  3  4  5  6 |
---------------+-------------------+-----
Axes           | 3 4 5 |  5.5
Fighting       | 4 5 6 7 8 |  8.0
Armour         | |  3.6
Shields        | |  3.6

Action                   |  1- 3 |  4- 6 || total
-------------------------+-------+-------++-------
Melee: War axe           |    95 |   139 ||   234
       Headbutt          |    20 |    21 ||    41
  Use: Scroll            |     3 |       ||     3
       Potion            |       |     2 ||     2
  Eat: Bread ration      |     1 |     1 ||     2
       Beef jerky        |       |     1 ||     1
Armor: Scale mail        |    43 |    52 ||    95
Dodge: Dodged            |    36 |    56 ||    92
Block: Shield            |    46 |    74 ||   120
